 Dungeon Crawl Stone Soup version 0.31.0-12-g77e489cdc1 (webtiles) character file.

Game seed: 35618709582891594

638 Itini the Chopper (level 7, -8/59 HPs)
             Began as a Hill Orc Monk on Feb 20, 2024.
             Mangled by an ogre
             ... wielding a +0 giant club
              (24 damage)
             ... on level 4 of the Dungeon.
             The game lasted 00:07:01 (3335 turns).

Itini the Chopper (Hill Orc Monk)                   Turns: 3335, Time: 00:07:02

Health: -8/59      AC: 10    Str: 16    XL:     7   Next: 50%
Magic:  3/11       EV: 12    Int: 10    God:
Gold:   187        SH:  0    Dex: 20    Spells: 9/12 levels left

rFire   . . .        u - +3 short sword (speed)
rCold   . . .        d - orb {light}
rNeg    . . .        j - +2 ring mail "Fat Vana" {Will+ Dex+7}
rPois   .            i - +1 helmet
rElec   .            (no cloak)
rCorr   .            k - +0 pair of gloves
SInv    .            (no boots)
Will    +....        b - amulet of the acrobat
Stlth   +            (no ring)
HPRegen 0.29/turn    (no ring)
MPRegen 0.12/turn

%: acrobat
@: very slightly contaminated, glowing
A: no striking features
a: no special abilities


You were on level 4 of the Dungeon.
You visited 1 branch of the dungeon, and saw 4 of its levels.
You also visited: Sewer.

You collected 187 gold pieces.


   Skills:
 - Level 4.0 Fighting
 - Level 5.0 Axes
 - Level 3.0 Dodging
 - Level 3.0 Spellcasting
 + Level 4.2 Summonings
 - Level 3.0 Ice Magic


You had 9 spell levels left.
You knew the following spells:

 Your Spells              Type           Power      Damage    Failure   Level
b - Summon Ice Beast      Ice/Summ       8%         N/A       36%         3

Your spell library contained the following spells:

 Spells                   Type           Power      Damage    Failure   Level
 Freeze                   Ice            28%        1d5       16%         1
 Frozen Ramparts          Ice            14%        1d3       43%         3
 Hailstorm                Conj/Ice       4%         3d5       65%         3
 Summon Mana Viper        Hex/Summ       5%         N/A       99%         5
 Conjure Ball Lightning   Conj/Air       0%         3x3d6     100%        6
 Monstrous Menagerie      Summ           5%         N/A       100%        7
 Discord                  Hex            0%         N/A       100%        8
 Disjunction              Tloc           0%         N/A       100%        8

Inventory:

Hand Weapons
 a - a +0 hand axe
 t - a +3 dagger
 u - a +3 short sword of speed (weapon)
Missiles
 r - 2 curare-tipped darts {=f}
Armour
 d - an orb of light (worn)
 i - a +1 helmet (worn)
 j - the +2 ring mail "Fat Vana" (worn) {Will+ Dex+7}
   (You found it on level 2 of the Dungeon)

   Dex+7:     It affects your dexterity (+7).
   Will+:     It increases your willpower.
 k - a +0 pair of gloves (worn)
Jewellery
 b - an amulet of the acrobat (around neck)
Wands
 o - a wand of quicksilver (9)
Scrolls
 e - 2 scrolls of enchant weapon
 f - a scroll of brand weapon {unknown}
 g - a scroll of enchant armour
 h - a scroll of teleportation {@r2}
 m - a scroll of blinking
 w - a scroll of poison {unknown}
 y - a scroll of identify {@r1}
Potions
 c - a potion of ambrosia
 l - a potion of attraction
 n - a potion of magic
 p - 3 potions of resistance {unknown}
 q - a potion of brilliance {unknown}
 s - a potion of enlightenment {unknown}
 v - a potion of cancellation {unknown}
 x - 2 potions of haste {unknown}

Dungeon Overview and Level Annotations

Branches:
Dungeon (4/15)              Sewer (visited)
 Temple: D:4-7

Altars:
Fedhas
Nemelex Xobeh
Qazlal

Annotations:
D:3 1 runed translucent door, Crazy Yiuf

##~~~~~~~..~#
.....#########~.#
....... #......#.#
.......# ##......#
≈≈...P.P###....###
≈≈..PPPPP##....#
⚑.....⚑P.##.)..#
≈≈▒..PPP.#..####
^....P.P@†.##
#....OO###
########


You could see 2 ogres.


Message History

You are very lightly contaminated with residual magic.
Nothing appears to happen.
Casting: Summon Ice Beast (dangerous; 36% risk of failure)
Confirm with . or Enter, or press ? or * to list all spells.
A chill wind blows around you.
The ogre hits your ice beast with a +0 giant club!!
Your ice beast dies!
Your ice beast disappears in a puff of smoke!
Found a stormy altar of Qazlal.
You hit the ogre.
The ogre is lightly wounded.
The ogre hits you with a +0 giant club!!
You hit the ogre.
The ogre is moderately wounded.
The ogre closely misses you.
You hit the ogre.
The ogre is heavily wounded.
The ogre hits you with a +0 giant club!!
* * * LOW HITPOINT WARNING * * *
Unknown command.
You hit the ogre.
The ogre is severely wounded.
Casting: Summon Ice Beast (dangerous; 36% risk of failure)
Confirm with . or Enter, or press ? or * to list all spells.
You don't know that spell.
Casting: Summon Ice Beast (dangerous; 36% risk of failure)
Confirm with . or Enter, or press ? or * to list all spells.
You miscast Summon Ice Beast.
Nothing appears to happen.
The ogre hits you with a +0 giant club!!
You die...

Skill      XL: |  1  2  3  4  5  6  7 |
---------------+----------------------+-----
Fighting       | 4 |  4.0
Axes           | 5 |  5.0
Dodging        | 3 |  3.0
Spellcasting   | 1 2 3 |  3.0
Summonings     | 2 4 |  4.2
Ice Magic      | 1 2 3 |  3.0

Action                     |  1- 3 |  4- 6 |  7- 9 || total
---------------------------+-------+-------+-------++-------
  Melee: Hand axe          |    91 |   109 |    47 ||   247
         Short sword       |       |       |    66 ||    66
   Cast: Summon Ice Beast  |       |       |     1 ||     1
    Use: Scroll            |       |     6 |       ||     6
 Armour: Robe              |    32 |       |       ||    32
         Ring mail         |    12 |    64 |    45 ||   121
  Dodge: Dodged            |    88 |    69 |    70 ||   227

Levels and vault maps discovered:
D:1:      dpeg_arrival_subterranean_lakeside_camping, layout_loops_ring
D:2:      layout_basic, minmay_misc_feat_ornament, minmay_cut_off
D:3:      layout_basic, nemelex_diamond_rough_becter, uniq_crazy_yiuf_cottage,
          uniq_natasha, uniq_grinder
D:4:      layout_rooms, grunt_temple_overflow_forces_of_nature,
          yredelemnul_forgotten_temple_becter, gup_sewer_entry_pipe,
          enter_ossuary_2, kennysheep_minor_cross, abandoned_shop

Notes
Turn   | Place    | Note
-------+----------+-------------------------------------------
     0 | D:1      | Itini the Hill Orc Monk began the quest for the Orb.
     0 | D:1      | Reached XP level 1. HP: 19/19 MP: 1/1
   118 | D:1      | Reached skill level 4 in Fighting
   137 | D:1      | Reached XP level 2. HP: 26/27 MP: 2/2
   403 | D:1      | Reached skill level 5 in Axes
   456 | D:1      | Reached XP level 3. HP: 32/33 MP: 3/3
   836 | D:2      | Identified the +2 ring mail "Fat Vana" {Will+ Dex+7}
  1613 | D:3      | Noticed Natasha
  1622 | D:3      | Reached skill level 3 in Dodging
  1625 | D:3      | Killed Natasha
  1626 | D:3      | Reached skill level 1 in Spellcasting
  1626 | D:3      | Reached XP level 4. HP: 23/40 MP: 3/5
  1651 | D:3      | Noticed Natasha
  1659 | D:3      | Killed Natasha
  1666 | D:3      | Noticed Natasha
  1679 | D:3      | Killed Natasha
  1680 | D:3      | Reached skill level 2 in Spellcasting
  1680 | D:3      | Reached XP level 5. HP: 18/46 MP: 6/8
  1684 | D:3      | Learned a level 3 spell: Summon Ice Beast
  2115 | D:3      | Noticed Grinder
  2121 | D:3      | Paralysed by Grinder for 3 turns
  2149 | D:3      | Killed Grinder
  2150 | D:3      | Reached skill level 2 in Summonings
  2150 | D:3      | Reached skill level 1 in Ice Magic
  2150 | D:3      | Reached XP level 6. HP: 29/52 MP: 8/10
  2487 | D:3      | Found a sparkling altar of Nemelex Xobeh.
  2538 | D:3      | Found a runed translucent door.
  2539 | D:3      | Noticed Crazy Yiuf
  2723 | D:4      | Reached skill level 2 in Ice Magic
  2742 | D:4      | Reached skill level 3 in Spellcasting
  2960 | D:4      | Reached XP level 7. HP: 59/59 MP: 11/11
  2997 | D:4      | Found a glowing drain.
  3017 | Sewer    | Entered a sewer
  3110 | Sewer    | Reached skill level 3 in Summonings
  3144 | Sewer    | Found an ancient bone altar of Kikubaaqudgha.
  3170 | Sewer    | Reached skill level 3 in Ice Magic
  3279 | Sewer    | Reached skill level 4 in Summonings
  3323 | D:4      | Found a blossoming altar of Fedhas.
  3329 | D:4      | Found a stormy altar of Qazlal.
  3335 | D:4      | Mangled by an ogre

Vanquished Creatures
  Grinder (D:3)
  A phantom (Sewer)
  A necrophage (Sewer)
  2 hounds (D:4)
  A jelly (D:4)
  Natasha (thrice) (D:3)
  2 adders (D:4)
  3 shadow imps (Sewer)
  3 ufetubi (Sewer)
  A ribbon worm (D:2)
  A dart slug (D:2)
  7 orcs (D:3)
  7 ball pythons
  4 endoplasms
  9 giant cockroaches
  5 goblins
  6 hobgoblins
  8 jackals
  13 kobolds
  5 quokkas
  10 bats
  2 frilled lizards (D:3)
  A giant cockroach zombie (Sewer)
  A kobold zombie (Sewer)
  6 rats
103 creatures vanquished.

Table legend: (Time is in decaauts)
 A = Elapsed time spent in this place.
 B = Non-inter-level travel time spent in this place.
 C = Inter-level travel time spent in this place.
 D = Time resting spent in this place.
 E = Time spent auto-exploring this place.
 F = Levels seen in this place.
 G = Mean time per level.
                   A        B        C        D        E       F      G
               +--------+--------+--------+--------+--------+-----+--------+
         Total |   3339 |   3183 |    156 |    287 |   2172 |   5 |  667.8 |
       Dungeon |   3077 |   2921 |    156 |    287 |   2036 |   4 |  769.2 |
         Sewer |    261 |    261 |      0 |      0 |    136 |   1 |  261.0 |
               +--------+--------+--------+--------+--------+-----+--------+

Top non-repeatable levels by time:
     D:3: 1077 daAuts
     D:2: 876 daAuts
     D:1: 759 daAuts
     D:4: 364 daAuts
   Sewer: 261 daAuts

Table legend:
 A = Non-vault XP
 B = Vault XP
 C = Vault XP percentage of total XP
 D = Non-vault monster count
 E = Vault monster count
 F = Vault count percentage of total count
                 A         B        C        D         E       F
            +---------+---------+-------+---------+---------+-------
      Total |     329 |     583 |  63.9 |      62 |      41 |  39.8
            +---------+---------+-------+---------+---------+-------
        D:1 |      32 |       8 |  20.0 |      19 |       6 |  24.0
        D:2 |      20 |       0 |   0.0 |       9 |       0 |   0.0
        D:3 |     115 |     282 |  71.0 |      23 |       2 |   8.0
        D:4 |     162 |      14 |   8.0 |      11 |       7 |  38.9
      Sewer |       0 |     279 | 100.0 |       0 |      26 | 100.0
            +---------+---------+-------+---------+---------+-------
